TOP OF THE 1ST |
Pensacola Blue Wahoos batting - Pitching for Springfield Cardinals : RHP Jim Kincaid
|
Pitching: RHP Jim Kincaid
|
|
Batting: RHB Solange Le Coq
|
0-0: Ball 1-0: Swinging Strike 1-1: Foul Ball, location: 2F 1-2: Strikes out swinging
|
Batting: RHB Jon Marquez
|
0-0: Ball 1-0: SINGLE (Flyball, 6D, EV 88.1 MPH)
|
Batting: LHB Curt Johnson
|
0-0: Ball 1-0: Ball 2-0: Ball 3-0: Foul Ball, location: 2F 3-1: SINGLE (Groundball, 3S, EV 60.0 MPH) (infield hit) Jon Marquez to second
|
Batting: LHB Steven Wamble
|
0-0: Fly out, F4 (Flyball, 4MD, EV 86.9 MPH)
|
Batting: RHB Danny Real
|
0-0: Ball 1-0: Ball 2-0: Ball 3-0: Base on Balls Jon Marquez to third Curt Johnson to second
|
Batting: RHB Joe Kooyers
|
0-0: Called Strike 0-1: Fly out, F9 (Flyball, 9D, EV 109.4 MPH)
|
Top of the 1st over - 0 runs, 2 hits, 0 errors, 3 left on base; Pensacola 0 - Springfield 0 |
BOTTOM OF THE 1ST |
Springfield Cardinals batting - Pitching for Pensacola Blue Wahoos : LHP Bill Cooksey
|
Pitching: LHP Bill Cooksey
|
|
Batting: RHB John Parra
|
0-0: Ball 1-0: Ball 2-0: Ball 3-0: Base on Balls
|
Batting: RHB Danny Gallo
|
0-0: Called Strike 0-1: Ball 1-1: Swinging Strike 1-2: Foul Ball, location: 2F 1-2: Ball 2-2: Ball 3-2: SINGLE (Groundball, 6MD, EV 104.4 MPH) John Parra to second Runner from 2nd tries for 3rd, SAFE, throw by CF made to third
|
Batting: RHB Melvin Enriquez
|
0-0: Fielders Choice at 2nd, 6-4 (Groundball, 6M, EV 84.4 MPH) John Parra scores
|
Batting: RHB Terry Baginski
|
0-0: Ball 1-0: Called Strike 1-1: Ball Melvin Enriquez steals 2nd base (no throw) 2-1: Foul Ball, location: 2F 2-2: Strikes out swinging
|
Batting: RHB Mark Marks
|
0-0: Ball 1-0: Ball 2-0: Ball 3-0: Swinging Strike 3-1: Base on Balls
|
Batting: RHB Dan Boykins
|
0-0: Called Strike 0-1: Ball 1-1: Called Strike 1-2: Ball 2-2: Ball 3-2: Foul Ball, location: 2F 3-2: Foul Ball, location: 2F 3-2: DOUBLE (Flyball, 8RXD, EV 112.5 MPH) Melvin Enriquez scores Mark Marks to third Mark Marks scores
|
Batting: LHB Shigeru Ono
|
0-0: Ball 1-0: Ball 2-0: Ball 3-0: Called Strike 3-1: Base on Balls
|
Batting: SHB Josh Conner
|
0-0: Called Strike 0-1: Called Strike 0-2: Foul Ball, location: 2F 0-2: Ball 1-2: Ball 2-2: Ball 3-2: Foul Ball, location: 2F 3-2: Ground out 6-3 (Groundball, 6, EV 97.5 MPH)
|
Bottom of the 1st over - 3 runs, 2 hits, 0 errors, 2 left on base; Pensacola 0 - Springfield 3 |
TOP OF THE 2ND |
Pensacola Blue Wahoos batting - Pitching for Springfield Cardinals : RHP Jim Kincaid
|
Batting: RHB Steve Anderson
|
0-0: Called Strike 0-1: Ball 1-1: Ball 2-1: Ball 3-1: Called Strike 3-2: Base on Balls
|
Batting: RHB Kagetoki Kawai
|
0-0: Called Strike 0-1: Foul Ball, location: 2F 0-2: Ball 1-2: Foul Ball, location: 2F 1-2: Ball 2-2: Foul Ball, location: 2F 2-2: Fielders Choice at 2nd, 5-4 (Groundball, 56, EV 92.5 MPH)
|
Batting: RHB Bill Hainey
|
0-0: Ball Kagetoki Kawai steals 2nd base 1-0: Ball 2-0: Fly out, F7 (Flyball, 7S, EV 89.4 MPH)
|
Batting: RHB Solange Le Coq
|
0-0: Ball 1-0: Ball 2-0: Foul Ball, location: 2F 2-1: Ground out 5-3 (Groundball, 56S, EV 85.0 MPH)
|
Top of the 2nd over - 0 runs, 0 hits, 0 errors, 1 left on base; Pensacola 0 - Springfield 3 |
BOTTOM OF THE 2ND |
Springfield Cardinals batting - Pitching for Pensacola Blue Wahoos : LHP Bill Cooksey
|
Batting: LHB Jay Fenderson
|
0-0: Foul Ball, location: 2F 0-1: Ground out 4-3 (Groundball, 34D, EV 83.1 MPH)
|
Batting: RHB John Parra
|
0-0: Foul Ball, location: 2F 0-1: Ball 1-1: SINGLE (Line Drive, 3L, EV 98.1 MPH)
|
Batting: RHB Danny Gallo
|
0-0: Ball 1-0: SINGLE (Groundball, 56D, EV 105.0 MPH) John Parra to second
|
Batting: RHB Melvin Enriquez
|
0-0: Ball 1-0: Ball 2-0: Ball John Parra steals 3rd base Danny Gallo to second 3-0: Base on Balls
|
Batting: RHB Terry Baginski
|
0-0: Ball 1-0: Ball 2-0: Ball 3-0: Called Strike 3-1: Fly out, F9 (Flyball, 9D, EV 101.2 MPH) Runner from 3rd tags up, SCORES, no throw by RF Danny Gallo to third
|
Batting: RHB Mark Marks
|
0-0: Called Strike 0-1: Ball 1-1: Ball 2-1: Foul Ball, location: 2F 2-2: Ball 3-2: Base on Balls Melvin Enriquez to second
|
Batting: RHB Dan Boykins
|
0-0: Ball 1-0: Ball 2-0: Called Strike 2-1: Foul Ball, location: 2F 2-2: Strikes out swinging
|
Bottom of the 2nd over - 1 run, 2 hits, 0 errors, 3 left on base; Pensacola 0 - Springfield 4 |
TOP OF THE 3RD |
Pensacola Blue Wahoos batting - Pitching for Springfield Cardinals : RHP Jim Kincaid
|
Batting: RHB Jon Marquez
|
0-0: Ball 1-0: Foul Ball, location: 2F 1-1: Foul Ball, location: 2F 1-2: Foul Ball, location: 2F 1-2: Ground out U3 (Groundball, 34S, EV 81.2 MPH)
|
Batting: LHB Curt Johnson
|
0-0: Ball 1-0: Ball 2-0: Fly out, F6 (Popup, 6MS, EV 68.8 MPH)
|
Batting: LHB Steven Wamble
|
0-0: Ball 1-0: Called Strike 1-1: Foul Ball, location: 2F 1-2: Ground out 4-3 (Groundball, 34, EV 81.2 MPH)
|
Top of the 3rd over - 0 runs, 0 hits, 0 errors, 0 left on base; Pensacola 0 - Springfield 4 |
BOTTOM OF THE 3RD |
Springfield Cardinals batting - Pitching for Pensacola Blue Wahoos : LHP Bill Cooksey
|
Batting: LHB Shigeru Ono
|
0-0: Swinging Strike 0-1: Ball 1-1: Swinging Strike 1-2: Foul Ball, location: 2F 1-2: Strikes out looking
|
Batting: SHB Josh Conner
|
0-0: Swinging Strike 0-1: Ball 1-1: Foul Ball, location: 2F 1-2: Ball 2-2: Ground out U3 (Groundball, 34, EV 93.8 MPH)
|
Batting: LHB Jay Fenderson
|
0-0: Ball 1-0: SINGLE (Line Drive, 7S, EV 93.8 MPH)
|
Batting: RHB John Parra
|
0-0: Called Strike Jay Fenderson is caught stealing 2nd base 2-4
|
Bottom of the 3rd over - 0 runs, 1 hit, 0 errors, 0 left on base; Pensacola 0 - Springfield 4 |
TOP OF THE 4TH |
Pensacola Blue Wahoos batting - Pitching for Springfield Cardinals : RHP Jim Kincaid
|
Batting: RHB Danny Real
|
0-0: Ground out 6-3 (Groundball, 6, EV 80.0 MPH)
|
Batting: RHB Joe Kooyers
|
0-0: SINGLE (Groundball, 6MD, EV 100.6 MPH)
|
Batting: RHB Steve Anderson
|
0-0: Swinging Strike 0-1: Grounds into double play, 6-4-3 (Groundball, 6, EV 97.5 MPH)
|
Top of the 4th over - 0 runs, 1 hit, 0 errors, 0 left on base; Pensacola 0 - Springfield 4 |
BOTTOM OF THE 4TH |
Springfield Cardinals batting - Pitching for Pensacola Blue Wahoos : LHP Bill Cooksey
|
Batting: RHB John Parra
|
0-0: Ball 1-0: Called Strike 1-1: Foul Ball, location: 2F 1-2: Ball 2-2: Ball 3-2: Ground out 4-3 (Groundball, 4, EV 107.5 MPH)
|
Batting: RHB Danny Gallo
|
0-0: Foul Ball, location: 2F 0-1: Ball 1-1: Reached on error, E6 (Groundball, 6, EV 86.2 MPH)
|
Batting: RHB Melvin Enriquez
|
0-0: Ball 1-0: Fly out, F4 (Flyball, 4D, EV 88.1 MPH)
|
Batting: RHB Terry Baginski
|
0-0: Called Strike 0-1: Ball 1-1: Ball 2-1: Ball 3-1: Fly out, F4 (Popup, 23, EV 90.6 MPH)
|
Bottom of the 4th over - 0 runs, 0 hits, 1 error, 1 left on base; Pensacola 0 - Springfield 4 |
TOP OF THE 5TH |
Pensacola Blue Wahoos batting - Pitching for Springfield Cardinals : RHP Jim Kincaid
|
Batting: RHB Kagetoki Kawai
|
0-0: Called Strike 0-1: Ball 1-1: Foul Ball, location: 2F 1-2: Strikes out swinging
|
Batting: RHB Bill Hainey
|
0-0: Foul Ball, location: 2F 0-1: Ball 1-1: Ball 2-1: Ground out 2-3 (Groundball, 2L, EV 71.2 MPH)
|
Batting: RHB Solange Le Coq
|
0-0: Ball 1-0: Ball 2-0: Ball 3-0: Called Strike 3-1: Foul Ball, location: 2F 3-2: Fly out, F8 (Flyball, 8RM, EV 87.5 MPH)
|
Top of the 5th over - 0 runs, 0 hits, 0 errors, 0 left on base; Pensacola 0 - Springfield 4 |
BOTTOM OF THE 5TH |
Springfield Cardinals batting - Pitching for Pensacola Blue Wahoos : LHP Bill Cooksey
|
Pitching: RHP Brad Barnhart
|
|
Batting: RHB Mark Marks
|
0-0: Ball 1-0: Foul Ball, location: 2F 1-1: Swinging Strike 1-2: Ball 2-2: Foul Ball, location: 2F 2-2: Ball 3-2: Fly out, F7 (Line Drive, 7, EV 95.6 MPH)
|
Batting: RHB Dan Boykins
|
0-0: Ball 1-0: SINGLE (Groundball, 6D, EV 96.2 MPH)
|
Batting: LHB Shigeru Ono
|
0-0: Grounds into double play, 5-4-3 (Groundball, 56, EV 105.0 MPH)
|
Bottom of the 5th over - 0 runs, 1 hit, 0 errors, 0 left on base; Pensacola 0 - Springfield 4 |
TOP OF THE 6TH |
Pensacola Blue Wahoos batting - Pitching for Springfield Cardinals : RHP Jim Kincaid
|
Batting: RHB Jon Marquez
|
0-0: Called Strike 0-1: Ball 1-1: Called Strike 1-2: Ball 2-2: Foul Ball, location: 2F 2-2: Strikes out swinging
|
Batting: LHB Curt Johnson
|
0-0: Foul Ball, location: 2F 0-1: Ball 1-1: DOUBLE (Line Drive, 7LM, EV 105.0 MPH)
|
Batting: LHB Steven Wamble
|
0-0: Called Strike 0-1: Called Strike 0-2: Strikes out swinging
|
Batting: RHB Danny Real
|
0-0: Ball 1-0: Foul Ball, location: 2F 1-1: Called Strike 1-2: Ball 2-2: Foul Ball, location: 2F 2-2: Foul Ball, location: 2F 2-2: DOUBLE (Groundball, 5L, EV 102.5 MPH) Curt Johnson scores
|
Batting: RHB Joe Kooyers
|
0-0: Ball 1-0: Called Strike 1-1: Ball 2-1: Ball 3-1: Base on Balls
|
Batting: RHB Steve Anderson
|
0-0: Fly out, F9 (Flyball, 89XD, EV 93.1 MPH)
|
Top of the 6th over - 1 run, 2 hits, 0 errors, 2 left on base; Pensacola 1 - Springfield 4 |
BOTTOM OF THE 6TH |
Springfield Cardinals batting - Pitching for Pensacola Blue Wahoos : RHP Brad Barnhart
|
Batting: SHB Josh Conner
|
0-0: Ball 1-0: SINGLE (Flyball, 7LS, EV 93.8 MPH)
|
Batting: LHB Jay Fenderson
|
0-0: Fielders Choice at 2nd, 1-4 (Groundball, 15S, EV 70.6 MPH)
|
Batting: RHB John Parra
|
0-0: Called Strike 0-1: Called Strike Jay Fenderson steals 2nd base 0-2: Strikes out looking
|
Batting: RHB Danny Gallo
|
0-0: Ball 1-0: Foul Ball, location: 2F 1-1: SINGLE (Line Drive, 8RS, EV 96.9 MPH) Jay Fenderson to third Runner from 3rd tries for Home, SAFE, throw by CF to home
|
Batting: RHB Melvin Enriquez
|
0-0: Foul Ball, location: 2F 0-1: Swinging Strike 0-2: Strikes out swinging
|
Bottom of the 6th over - 1 run, 2 hits, 0 errors, 1 left on base; Pensacola 1 - Springfield 5 |
TOP OF THE 7TH |
Pensacola Blue Wahoos batting - Pitching for Springfield Cardinals : RHP Jim Kincaid
|
Batting: RHB Kagetoki Kawai
|
0-0: Ball 1-0: Ball 2-0: Called Strike 2-1: SOLO HOME RUN (Flyball, 7D, EV 96.9 MPH), Distance : 384 ft
|
Batting: RHB Bill Hainey
|
0-0: Ball 1-0: Ball 2-0: Ball 3-0: Base on Balls
|
Pitching: RHP Andy Montelongo
|
|
Batting: RHB Solange Le Coq
|
0-0: Bunt missed! 0-1: Sac Bunt to 13 - play at first, batter OUT! 1-4 Bill Hainey to second
|
Batting: RHB Jon Marquez
|
0-0: Ball 1-0: Ground out 5-3 (Groundball, 56S, EV 84.4 MPH)
|
Batting: LHB Curt Johnson
|
0-0: Called Strike 0-1: Ball 1-1: SINGLE (Groundball, 3S, EV 75.0 MPH) (infield hit) Bill Hainey to third
|
Batting: LHB Steven Wamble
|
0-0: Ball 1-0: Swinging Strike 1-1: Swinging Strike 1-2: Strikes out looking
|
Top of the 7th over - 1 run, 2 hits, 0 errors, 2 left on base; Pensacola 2 - Springfield 5 |
BOTTOM OF THE 7TH |
Springfield Cardinals batting - Pitching for Pensacola Blue Wahoos : RHP Brad Barnhart
|
Pitching: LHP Brian Whittall
|
|
Batting: RHB Terry Baginski
|
0-0: Ground out 1-3 (Groundball, 34S, EV 63.1 MPH)
|
Batting: RHB Mark Marks
|
0-0: Foul Ball, location: 2F 0-1: Foul Ball, location: 2F 0-2: Ball 1-2: Ball 2-2: SINGLE (Groundball, 5S, EV 70.6 MPH) (infield hit)
|
Batting: RHB Dan Boykins
|
0-0: Ball Mark Marks is caught stealing 2nd base 2-4 1-0: Called Strike 1-1: Reached on error, E3 (Groundball, 34, EV 89.4 MPH)
|
Batting: LHB Shigeru Ono
|
0-0: Hit by Pitch
|
Batting: SHB Josh Conner
|
0-0: Ball 1-0: Ball 2-0: Called Strike 2-1: Ball 3-1: Ground out 4-3 (Groundball, 4, EV 88.1 MPH)
|
Bottom of the 7th over - 0 runs, 1 hit, 1 error, 2 left on base; Pensacola 2 - Springfield 5 |
TOP OF THE 8TH |
Pensacola Blue Wahoos batting - Pitching for Springfield Cardinals : RHP Andy Montelongo
|
Batting: RHB Danny Real
|
0-0: SINGLE (Line Drive, 89S, EV 90.0 MPH)
|
Batting: RHB Joe Kooyers
|
0-0: Called Strike 0-1: Foul Ball, location: 2F 0-2: Foul Ball, location: 2F 0-2: Strikes out swinging
|
Batting: RHB Steve Anderson
|
0-0: Called Strike 0-1: Ball 1-1: Ball 2-1: Foul Ball, location: 2F 2-2: Strikes out swinging
|
Batting: RHB Kagetoki Kawai
|
0-0: Ball Wild Pitch! Danny Real to second 1-0: Ball 2-0: Foul Ball, location: 2F 2-1: Swinging Strike 2-2: Foul Ball, location: 2F 2-2: Foul Ball, location: 2F 2-2: Strikes out looking
|
Top of the 8th over - 0 runs, 1 hit, 0 errors, 1 left on base; Pensacola 2 - Springfield 5 |
BOTTOM OF THE 8TH |
Springfield Cardinals batting - Pitching for Pensacola Blue Wahoos : LHP Brian Whittall
|
Batting: LHB Jay Fenderson
|
0-0: Swinging Strike 0-1: Foul Ball, location: 2F 0-2: Strikes out swinging
|
Batting: RHB John Parra
|
0-0: Ball 1-0: Swinging Strike 1-1: Ball 2-1: Ball 3-1: Foul Ball, location: 2F 3-2: DOUBLE (Line Drive, 89M, EV 113.8 MPH)
|
Batting: RHB Danny Gallo
|
0-0: Foul Ball, location: 2F 0-1: SINGLE (Groundball, 6D, EV 93.8 MPH) John Parra to third Runner from 3rd tries for Home, SAFE, throw by CF to home
|
Batting: RHB Melvin Enriquez
|
0-0: Called Strike 0-1: Called Strike 0-2: Ball 1-2: Grounds into double play, 6-4-3 (Groundball, 6, EV 97.5 MPH)
|
Bottom of the 8th over - 1 run, 2 hits, 0 errors, 0 left on base; Pensacola 2 - Springfield 6 |
TOP OF THE 9TH |
Pensacola Blue Wahoos batting - Pitching for Springfield Cardinals : RHP Andy Montelongo
|
Pitching: RHP Matt Hamm
|
|
Batting: RHB Bill Hainey
|
0-0: Ball 1-0: Swinging Strike 1-1: Ball 2-1: Ball 3-1: Foul Ball, location: 2F 3-2: Fly out, F4 (Popup, 4S, EV 82.5 MPH)
|
Batting: RHB Solange Le Coq
|
0-0: Swinging Strike 0-1: Ball 1-1: Ball 2-1: Ball 3-1: Swinging Strike 3-2: Strikes out swinging
|
Batting: RHB Jon Marquez
|
0-0: Called Strike 0-1: Ball 1-1: Ball 2-1: Foul Ball, location: 2F 2-2: Strikes out looking
|
Top of the 9th over - 0 runs, 0 hits, 0 errors, 0 left on base; Pensacola 2 - Springfield 6 |
|